Map: [ESL] Royal Blood

Players

herO

  • Race: Protoss Protoss

Serral - Winner!

  • Race: Zerg Zerg

Event: IEM Katowice 2023

VOD

Have the link to the VOD?

Description

Time

  • Played on: Feb. 10, 2023, 3:29 p.m.
  • Length: 16:12

All games in this series

Show
View Real Time Build Order
Export as new Build Order

herO Protoss 

Build Orders: Mass Adepts 

Get SALT Encoding   

  12  0:00  Probe  
  13  0:12  Probe  
  14  0:17  Pylon  
  14  0:24  Probe  
  15  0:36  Gateway  
  15  0:37  Probe (Chrono Boost)  
  16  0:43  Assimilator  
  16  0:49  Probe (Chrono Boost)  
  17  0:56  Probe (Chrono Boost)  
  18  0:58  Pylon  
  18  1:04  Probe  
  19  1:16  Gateway, Probe  
  20  1:25  Cybernetics Core  
  20  1:50  Nexus  
  20  2:00  Adept (Chrono Boost)  
  20  2:06  Warp Gate  
  24  2:11  Assimilator, Adept (Chrono Boost)  
  24  2:14  Probe  
  25  2:20  Adept (Chrono Boost)  
  25  2:27  Pylon  
  27  2:30  Probe  
  28  2:38  Adept (Chrono Boost)  
  28  2:43  Probe  
  31  2:45  Adept  
  33  2:55  Probe  
  34  3:00  Twilight Council  
  34  3:05  Probe  
  34  3:08  Probe  
  36  3:17  Adept  
  36  3:19  Adept  
  38  3:24  Probe  
  38  3:25  Probe  
  40  3:31  Resonating Glaives (Chrono Boost)  
  40  3:34  Gateway  
  40  3:40  Probe (Chrono Boost)  
  42  3:42  Probe (Chrono Boost)  
  42  3:51  Probe (Chrono Boost)  
  42  3:53  Probe (Chrono Boost)  
  44  3:56  Probe (Chrono Boost)  
  44  4:00  Adept x2  
  44  4:02  Probe  
  50  4:07  Probe  
  51  4:14  Pylon  
  51  4:19  Probe x2  
  53  4:33  Adept x3  
  53  4:34  Probe x2  
  53  4:36  Robotics Facility  
  61  4:42  Forge  
  61  4:45  Assimilator  
  61  4:46  Pylon, Probe  
  62  4:55  Pylon  
  62  5:04  Pylon  
  62  5:13  Probe x2, Adept x3  
  70  5:16  Nexus  
  70  5:18  Pylon  
  70  5:23  Protoss Ground Weapons Level 1  
  70  5:24  Pylon  
  69  5:31  Immortal (Chrono Boost), Probe  
  69  5:32  Probe  
  73  5:38  Adept x2  
  77  5:45  Adept  
  77  5:47  Probe x2  
  63  6:00  Warp Prism (Chrono Boost)  
  63  6:02  Adept x2  
  65  6:07  Gateway  
  65  6:09  Adept  
  63  6:16  Gateway  
  57  6:19  Gateway  
  57  6:21  Assimilator  
  57  6:23  Stalker x2  
  57  6:25  Dark Shrine  
  61  6:30  Pylon  
  61  6:31  Pylon  
  61  6:35  Immortal (Chrono Boost)  
  65  6:42  Blink  
  65  6:50  Gateway  
  65  6:56  Gateway  
  65  7:08  Immortal  
  67  7:15  Nexus  
  67  7:18  Pylon  
  67  7:20  Zealot  
  67  7:22  Sentry x2  
  73  7:24  Probe x2  
  75  7:36  Nexus  
  75  7:40  Probe x2  
  77  7:45  Protoss Ground Weapons Level 2 (Chrono Boost)  
  77  7:47  Immortal, Stalker  
  83  7:53  Pylon  
  83  7:56  Probe x2  
  85  8:08  Probe x2  
  85  8:11  Dark Templar  
  85  8:12  Shield Battery  
  89  8:18  Assimilator  
  89  8:20  Probe x2  
  89  8:22  Assimilator  
  91  8:28  Immortal  
  93  8:34  Probe x2  
  93  8:39  Phoenix x2  
  95  8:42  Stalker x3  
  95  8:47  Probe x2  
  99  8:49  Probe  
  100  8:59  Robotics Bay  
  100  9:00  Robotics Facility  
  100  9:07  Observer  
  100  9:09  Stalker x2  
  105  9:12  Pylon  
  105  9:13  Pylon  
  105  9:22  Zealot x5  
  105  9:33  Probe x2, Phoenix  
  105  9:34  Probe  
  108  9:38  Stalker x2  
  108  9:41  Photon Cannon  
  108  9:45  Colossus (Chrono Boost)  
  112  9:47  Nexus, Colossus (Chrono Boost)  
  112  9:48  Pylon  
  112  9:52  Extended Thermal Lance  
  124  9:53  Pylon  
  124  10:04  Observer  
  124  10:05  Protoss Ground Armor Level 1 (Chrono Boost)  
  124  10:06  Probe x2  
  124  10:07  Probe, Stalker x3  
  127  10:08  Shield Battery  
  133  10:19  Photon Cannon  
  133  10:22  Stalker  
  133  10:24  Probe x3  
  138  10:34  Pylon  
  140  10:44  Colossus (Chrono Boost)  
  140  10:46  Colossus (Chrono Boost)  
  146  10:54  Zealot, Stalker x3  
  154  11:03  Stalker x2  
  140  11:21  Stalker x3  
  140  11:22  Stalker  
  148  11:35  Stalker x3  
  154  11:53  Stalker x4  
  162  11:58  Stalker  
  162  11:59  Zealot x2  
  96  12:29  Observer, Stalker x7  
  80  12:43  Probe x4 (Chrono Boost)  
  84  12:53  Zealot, Stalker x5  
  84  12:54  Probe x4 (Chrono Boost)  
  84  12:55  Zealot  
  102  12:58  Probe x3 (Chrono Boost)  
  102  13:01  Observer  
  102  13:02  Probe  
  92  13:19  Probe x3  
  94  13:23  Stalker x6  
  94  13:25  Stalker  
  103  13:32  Assimilator  
  103  13:33  Probe x4  
  107  13:38  Charge (Chrono Boost)  
  107  13:39  Observer  
  107  13:45  Probe  
  104  13:53  Stalker x4  
  112  13:57  Photon Cannon, Stalker  
  112  13:59  Zealot x2  
  118  14:15  Probe  
  121  14:20  Stalker x4  
  126  14:25  Nexus  
  126  14:26  Pylon  
  125  14:32  Stalker  
  125  14:34  Stalker x2  
  131  14:39  Gateway  
  131  14:40  Gateway  
  131  14:47  Dark Templar x2  
  131  14:52  Dark Templar x2  
  137  14:56  Archon  
  137  14:59  Stalker x2  
  117  15:18  Dark Templar  
  117  15:21  Shield Battery, Dark Templar x2  
  121  15:24  Dark Templar  
  121  15:26  Stalker x3  
  129  15:29  Archon  
  129  15:30  Archon  
  105  15:45  Stalker x2  
  88  15:54  Stalker x6  
  95  16:00  Stalker  
Show
View Real Time Build Order
Export as new Build Order

Serral Zerg - Winner!

Build Orders: Hatch First 

Get SALT Encoding   

  12  0:00  Drone  
  13  0:12  Overlord  
  13  0:16  Drone  
  14  0:30  Drone x2  
  16  0:48  Hatchery  
  15  0:51  Drone  
  15  0:55  Drone  
  17  0:58  Drone  
  18  1:09  Extractor  
  17  1:13  Spawning Pool  
  17  1:15  Drone  
  17  1:19  Drone  
  18  1:27  Drone  
  19  1:38  Drone  
  20  1:48  Overlord  
  20  2:00  Queen x2  
  25  2:01  Zergling x4  
  26  2:11  Metabolic Boost, Drone x2  
  28  2:21  Drone x2  
  30  2:33  Hatchery  
  29  2:38  Spore Crawler  
  29  2:42  Spore Crawler  
  29  2:44  Drone x2  
  28  2:46  Queen  
  28  2:49  Zergling x2  
  33  2:52  Zergling x2  
  33  2:55  Overlord  
  33  2:58  Zergling x2  
  35  3:07  Overlord  
  32  3:20  Zergling x4  
  32  3:24  Drone x3  
  32  3:26  Drone x2  
  39  3:36  Zergling x2  
  39  3:41  Zergling x2  
  41  3:51  Zergling x6  
  44  3:58  Zergling x8  
  44  3:59  Roach Warren  
  46  4:05  Extractor  
  46  4:06  Zergling x10  
  50  4:20  Zergling x2  
  50  4:21  Zergling x6  
  52  4:25  Drone  
  52  4:30  Drone x5  
  57  4:32  Overlord  
  55  4:40  Roach  
  55  4:45  Overlord  
  59  4:53  Roach x3  
  63  5:02  Drone x3  
  63  5:06  Ravager  
  67  5:07  Drone x2  
  67  5:08  Drone  
  67  5:12  Zergling x6  
  73  5:14  Ravager  
  73  5:19  Overlord  
  74  5:31  Zergling x4  
  74  5:34  Overlord  
  73  5:37  Overlord  
  73  5:41  Zergling x4  
  73  5:42  Zergling x4  
  77  5:46  Zergling x12  
  77  5:48  Zergling x2  
  77  5:49  Zergling x2  
  73  5:57  Zergling x4  
  66  6:02  Zergling x2  
  64  6:10  Drone x3  
  67  6:17  Lair  
  66  6:18  Drone x2  
  66  6:20  Queen  
  66  6:21  Queen  
  66  6:24  Ravager x2  
  74  6:28  Drone x3  
  74  6:29  Drone  
  78  6:34  Overlord  
  78  6:38  Drone x3  
  81  6:45  Overlord  
  81  6:48  Spore Crawler  
  81  6:49  Roach x2  
  81  6:53  Spore Crawler  
  83  6:56  Roach x2  
  86  7:02  Drone x2  
  86  7:04  Extractor  
  88  7:12  Drone x2  
  88  7:14  Drone  
  88  7:15  Drone  
  89  7:16  Glial Reconstitution  
  89  7:18  Overseer  
  89  7:19  Drone x2  
  89  7:21  Overlord  
  91  7:23  Drone x2, Evolution Chamber  
  91  7:26  Queen  
  91  7:27  Overlord  
  91  7:29  Overlord  
  94  7:31  Drone x4  
  94  7:32  Drone  
  94  7:35  Roach x2  
  100  7:38  Overseer  
  100  7:42  Spore Crawler  
  96  7:44  Drone  
  96  7:45  Drone  
  96  7:46  Overseer  
  96  7:48  Drone x3  
  96  7:51  Zerg Missile Weapons Level 1  
  101  7:55  Extractor  
  101  7:56  Roach x2  
  104  8:04  Drone x3  
  105  8:09  Baneling Nest  
  104  8:14  Overlord  
  104  8:17  Drone x4  
  104  8:18  Drone x4  
  109  8:27  Drone  
  109  8:28  Roach x2  
  114  8:34  Hatchery  
  114  8:35  Roach x3  
  118  8:41  Drone x3  
  118  8:46  Extractor x2, Drone  
  118  8:47  Roach x4  
  127  8:51  Overlord  
  127  8:52  Centrifugal Hooks  
  127  8:57  Overlord  
  127  9:05  Drone x2  
  127  9:07  Overlord  
  129  9:16  Overlord  
  129  9:19  Drone x4  
  129  9:23  Drone x3  
  136  9:26  Infestation Pit  
  136  9:27  Drone x4  
  136  9:30  Drone x3  
  142  9:32  Roach  
  142  9:36  Overlord  
  142  9:37  Roach  
  146  9:41  Evolution Chamber  
  146  9:42  Zergling x2  
  146  9:45  Zerg Melee Weapons Level 1, Zergling x6  
  149  9:49  Zergling x12  
  149  9:50  Overseer  
  155  9:54  Zergling x2  
  155  10:00  Zergling x10  
  155  10:05  Hive  
  160  10:08  Zerg Missile Weapons Level 2  
  160  10:09  Baneling x9  
  160  10:11  Zergling x8  
  164  10:18  Zergling x16  
  172  10:23  Overlord  
  172  10:24  Overlord  
  172  10:25  Overlord  
  172  10:28  Hatchery  
  171  10:34  Overlord, Zergling x2  
  172  10:38  Zergling x4  
  173  10:45  Zergling x4  
  173  10:46  Zergling x14  
  178  10:57  Zergling x18  
  179  11:04  Zergling x4  
  179  11:10  Roach, Zergling x2  
  170  11:17  Baneling x12  
  170  11:18  Baneling x24  
  167  11:19  Adrenal Glands  
  167  11:21  Viper x2  
  167  11:23  Zergling x2  
  167  11:24  Zergling x16  
  181  11:29  Zergling x6  
  181  11:30  Zergling x4  
  181  11:32  Ravager x4  
  187  11:34  Zergling x2  
  187  11:35  Zergling x4  
  187  11:39  Zergling x2  
  191  11:43  Zergling x12  
  193  11:49  Zergling x8  
  186  11:56  Extractor  
  186  11:57  Zergling x10  
  186  11:59  Baneling x12  
  183  12:02  Zergling x6  
  183  12:06  Zergling x6  
  186  12:13  Swarm Host, Zergling x6  
  172  12:20  Zergling x4  
  141  12:24  Zergling x10  
  113  12:33  Roach x6  
  113  12:35  Roach x3  
  118  12:38  Roach  
  118  12:41  Queen x3  
  113  12:44  Roach  
  113  12:45  Roach x2  
  113  12:46  Baneling x4  
  113  12:47  Roach  
  121  12:54  Roach  
  121  12:55  Ravager x2  
  121  12:56  Roach x2  
  129  13:01  Roach  
  131  13:06  Roach  
  131  13:07  Roach x2  
  127  13:14  Roach  
  127  13:15  Roach x2  
  130  13:21  Roach x2  
  133  13:27  Zergling x6  
  133  13:28  Zerg Melee Weapons Level 2  
  133  13:33  Zergling x2  
  132  13:39  Roach x3  
  135  13:43  Roach  
  134  13:48  Roach  
  134  13:49  Roach x2  
  134  13:54  Roach  
  134  13:55  Roach x4, Zergling x10  
  150  13:57  Extractor, Queen  
  150  13:59  Overseer  
  150  14:01  Zergling x6  
  154  14:08  Zergling x2  
  155  14:13  Zergling x6  
  155  14:15  Overlord  
  158  14:22  Zergling x2  
  158  14:24  Zergling x18  
  168  14:30  Baneling x16  
  167  14:33  Zergling x4  
  167  14:35  Baneling x5  
  167  14:37  Zergling x2  
  167  14:38  Zergling x2  
  171  14:43  Overlord, Zergling x2  
  171  14:45  Baneling x6  
  172  14:46  Zergling x2  
  172  14:47  Zergling x2  
  174  14:53  Zergling x4  
  174  14:54  Baneling x5  
  174  14:58  Overseer, Zergling x4  
  177  15:02  Zergling x4  
  177  15:03  Zergling x14  
  176  15:10  Zergling x12  
  176  15:12  Zergling x4  
  177  15:17  Overseer  
  177  15:20  Zergling x6  
  180  15:21  Ravager  
  180  15:22  Ravager x2  
  180  15:23  Baneling x4  
  183  15:29  Zergling x2  
  183  15:35  Zergling x8  
  180  15:41  Zergling x6  
  168  15:45  Zergling x2  
  168  15:48  Zergling x18  

Tags
 
Add a new tag
Caveats
  • Supply blocks, unpowered buildings, or Contaminate may cause inaccurate times.
  • Supply counts are checked every 10 seconds.